 Dungeon Crawl Stone Soup version 0.20.0-15-g7f486f2 (webtiles) character file.

4 spacegravy the Skirmisher (level 1, 20/20 HPs)
             Began as a Hill Orc Fighter on June 10, 2017.
             Quit the game on level 1 of the Dungeon.
             The game lasted 00:01:20 (45 turns).

spacegravy the Skirmisher (Hill Orc Fighter)          Turns: 45, Time: 00:01:20

Health: 20/20      AC:  6    Str: 18    XL:     1   Next: 60%
Magic:  1/1        EV:  7    Int:  8    God:
Gold:   0          SH:  9    Dex: 10    Spells: 0/0 levels left

rFire    . . .     SeeInvis .   a - +0 war axe
rCold    . . .     Gourm    .   c - +0 shield
rNeg     . . .     Faith    .   b - +0 scale mail
rPois    .         Spirit   .   (no helmet)
rElec    .         Reflect  .   (no cloak)
rCorr    .         Harm     .   (no gloves)
MR       .....                  (no boots)
Stlth    ..........             (no amulet)
Regen    0.1/turn               (no ring)
MPRegen  0.1/turn               (no ring)

@: no status effects
A: no striking features
a: no special abilities


You were on level 1 of the Dungeon.
You were not hungry.

You visited 1 branch of the dungeon, and saw 1 of its levels.

Inventory:

Hand Weapons
 a - a +0 war axe (weapon)
 g - a +0 dagger
   (You took it off a goblin on level 1 of the Dungeon)
 h - a +0 short sword
   (You took it off a kobold on level 1 of the Dungeon)
Armour
 b - a +0 scale mail (worn)
 c - a +0 shield (worn)
 e - a cursed +0 ring mail
   (You found it on level 1 of the Dungeon)
Potions
 d - a potion of might
Comestibles
 f - a bread ration


   Skills:
 + Level 3.8 Fighting
 + Level 2.8 Axes
 + Level 3.2 Armour
 + Level 3.4 Shields


You couldn't memorise any spells.
You didn't know any spells.

Dungeon Overview and Level Annotations

Branches:
Dungeon (1/15)

Altars:


Message History

Warning: Cannot find file "HDAColors.rc". (~/.crawlrc:604) Warning: Cannot find file "HDAtravel.rc". (~/.crawlrc:607) Welcome, spacegravy the Hill Orc Fighter.
The bosom of this dungeon contains the fabled artefact, the Orb of Zot.
Press ? for a list of commands and other information.
Found a shiny ring mail.
Found a staircase leading out of the dungeon.
Lua error: [string "/dgldir/rcfiles/crawl-0.20/spacegravy.rc"]:2: attempt to call global 'AnnounceDamage' (a nil value) Unknown command.
Lua error: [string "/dgldir/rcfiles/crawl-0.20/spacegravy.rc"]:2: attempt to call global 'AnnounceDamage' (a nil value) Lua error: [string "/dgldir/rcfiles/crawl-0.20/spacegravy.rc"]:2: attempt to call global 'AnnounceDamage' (a nil value) Lua error: [string "/dgldir/rcfiles/crawl-0.20/spacegravy.rc"]:2: attempt to call global 'AnnounceDamage' (a nil value) Lua error: [string "/dgldir/rcfiles/crawl-0.20/spacegravy.rc"]:2: attempt to call global 'AnnounceDamage' (a nil value) Lua error: [string "/dgldir/rcfiles/crawl-0.20/spacegravy.rc"]:2: attempt to call global 'AnnounceDamage' (a nil value) Lua error: [string "/dgldir/rcfiles/crawl-0.20/spacegravy.rc"]:2: attempt to call global 'AnnounceDamage' (a nil value) Lua error: [string "/dgldir/rcfiles/crawl-0.20/spacegravy.rc"]:2: attempt to call global 'AnnounceDamage' (a nil value)
There are no items here.
Lua error: [string "/dgldir/rcfiles/crawl-0.20/spacegravy.rc"]:2: attempt to call global 'AnnounceDamage' (a nil value) Lua error: [string "/dgldir/rcfiles/crawl-0.20/spacegravy.rc"]:2: attempt to call global 'AnnounceDamage' (a nil value) Lua error: [string "/dgldir/rcfiles/crawl-0.20/spacegravy.rc"]:2: attempt to call global 'AnnounceDamage' (a nil value) Lua error: [string "/dgldir/rcfiles/crawl-0.20/spacegravy.rc"]:2: attempt to call global 'AnnounceDamage' (a nil value)
e - a shiny ring mail Lua error: [string "/dgldir/rcfiles/crawl-0.20/spacegravy.rc"]:2: attempt to call global 'AnnounceDamage' (a nil value)
You open the door.
There is an open door here.
A kobold comes into view. It is wielding a short sword.
The kobold shouts!
A hobgoblin comes into view.
Lua error: [string "/dgldir/rcfiles/crawl-0.20/spacegravy.rc"]:2: attempt to call global 'AnnounceDamage' (a nil value)
The hobgoblin shouts!
Lua error: [string "/dgldir/rcfiles/crawl-0.20/spacegravy.rc"]:2: attempt to call global 'AnnounceDamage' (a nil value)
A goblin comes into view. It is wielding a dagger.
The goblin shouts!
Lua error: [string "/dgldir/rcfiles/crawl-0.20/spacegravy.rc"]:2: attempt to call global 'AnnounceDamage' (a nil value)
You block the goblin's attack.
Lua error: [string "/dgldir/rcfiles/crawl-0.20/spacegravy.rc"]:2: attempt to call global 'AnnounceDamage' (a nil value)
You completely miss the kobold. You miss the goblin.
You block the kobold's attack. You block the goblin's attack.
The kobold hits you but does no damage.
Lua error: [string "/dgldir/rcfiles/crawl-0.20/spacegravy.rc"]:2: attempt to call global 'AnnounceDamage' (a nil value)
Your shield prevents you from hitting the kobold.
You hit the goblin. The goblin hits you but does no damage.
The kobold barely misses you.
Lua error: [string "/dgldir/rcfiles/crawl-0.20/spacegravy.rc"]:2: attempt to call global 'AnnounceDamage' (a nil value)
You closely miss the goblin.
The goblin is severely wounded.
You miss the kobold. You hit the hobgoblin but do no damage.
The goblin hits you but does no damage. You block the kobold's attack.
You block the hobgoblin's attack. You block the goblin's attack.
You block the kobold's attack.
Lua error: [string "/dgldir/rcfiles/crawl-0.20/spacegravy.rc"]:2: attempt to call global 'AnnounceDamage' (a nil value)
You slash the goblin!
You kill the goblin!
You closely miss the kobold. You slash the hobgoblin!
You kill the hobgoblin!
You block the kobold's attack.
Lua error: [string "/dgldir/rcfiles/crawl-0.20/spacegravy.rc"]:2: attempt to call global 'AnnounceDamage' (a nil value)
You slash the kobold!
You kill the kobold!
Lua error: [string "/dgldir/rcfiles/crawl-0.20/spacegravy.rc"]:2: attempt to call global 'AnnounceDamage' (a nil value) No target in view!
Lua error: [string "/dgldir/rcfiles/crawl-0.20/spacegravy.rc"]:2: attempt to call global 'AnnounceDamage' (a nil value) No target in view!
Lua error: [string "/dgldir/rcfiles/crawl-0.20/spacegravy.rc"]:2: attempt to call global 'AnnounceDamage' (a nil value) No target in view!
Lua error: [string "/dgldir/rcfiles/crawl-0.20/spacegravy.rc"]:2: attempt to call global 'AnnounceDamage' (a nil value) No target in view!
Lua error: [string "/dgldir/rcfiles/crawl-0.20/spacegravy.rc"]:2: attempt to call global 'AnnounceDamage' (a nil value)
You see here a dagger.
Lua error: [string "/dgldir/rcfiles/crawl-0.20/spacegravy.rc"]:2: attempt to call global 'AnnounceDamage' (a nil value)
g - a dagger Lua error: [string "/dgldir/rcfiles/crawl-0.20/spacegravy.rc"]:2: attempt to call global 'AnnounceDamage' (a nil value) Lua error: [string "/dgldir/rcfiles/crawl-0.20/spacegravy.rc"]:2: attempt to call global 'AnnounceDamage' (a nil value)
There are no items here.
Lua error: [string "/dgldir/rcfiles/crawl-0.20/spacegravy.rc"]:2: attempt to call global 'AnnounceDamage' (a nil value) Lua error: [string "/dgldir/rcfiles/crawl-0.20/spacegravy.rc"]:2: attempt to call global 'AnnounceDamage' (a nil value) Lua error: [string "/dgldir/rcfiles/crawl-0.20/spacegravy.rc"]:2: attempt to call global 'AnnounceDamage' (a nil value) Lua error: [string "/dgldir/rcfiles/crawl-0.20/spacegravy.rc"]:2: attempt to call global 'AnnounceDamage' (a nil value)
Found a stone staircase leading down.
Things that are here:
a short sword; a kobold corpse Lua error: [string "/dgldir/rcfiles/crawl-0.20/spacegravy.rc"]:2: attempt to call global 'AnnounceDamage' (a nil value) Lua error: [string "/dgldir/rcfiles/crawl-0.20/spacegravy.rc"]:2: attempt to call global 'AnnounceDamage' (a nil value)
Things that are here:
a short sword; a kobold corpse Lua error: [string "/dgldir/rcfiles/crawl-0.20/spacegravy.rc"]:2: attempt to call global 'AnnounceDamage' (a nil value)
h - a short sword Lua error: [string "/dgldir/rcfiles/crawl-0.20/spacegravy.rc"]:2: attempt to call global 'AnnounceDamage' (a nil value)
Okay, then.
Lua error: [string "/dgldir/rcfiles/crawl-0.20/spacegravy.rc"]:2: attempt to call global 'AnnounceDamage' (a nil value) Are you sure you want to abandon this character and quit the game? (Confirm with "yes".)
Okay, then.
Lua error: [string "/dgldir/rcfiles/crawl-0.20/spacegravy.rc"]:2: attempt to call global 'AnnounceDamage' (a nil value) Quiver which item? (- for none, * to show all) (? for menu, Esc to quit)
Okay, then.
Lua error: [string "/dgldir/rcfiles/crawl-0.20/spacegravy.rc"]:2: attempt to call global 'AnnounceDamage' (a nil value) Quiver which item? (- for none, * to show all) (? for menu, Esc to quit)
Okay, then.
Lua error: [string "/dgldir/rcfiles/crawl-0.20/spacegravy.rc"]:2: attempt to call global 'AnnounceDamage' (a nil value) Are you sure you want to abandon this character and quit the game? (Confirm with "yes".)

.# #.# ... .... ...
... #.#.# #.# ...
.............
#.#.#.#.#...
..........#
#.#.#.#.##.# #
..>........#.#
#.#.#.#@#†.#.#
.............#
#.#.#.#.#..###
#...#.#...#######.
.....#.#...........
.#..
#.#.#.######### #.
#.....#≈≈≈...<# ..
#####.#.≈≈.####
.#######.#≈P..≈.≈#


There were no monsters in sight!

Vanquished Creatures
  A goblin (D:1)
  A hobgoblin (D:1)
  A kobold (D:1)
3 creatures vanquished.

Notes
Turn   | Place    | Note
-------+----------+-------------------------------------------
     0 | D:1      | spacegravy the Hill Orc Fighter began the quest for the Orb.
     0 | D:1      | Reached XP level 1. HP: 19/19 MP: 1/1
    45 | D:1      | Quit the game

Action                   || total
-------------------------++-------
Melee: War axe           ||     5
Armor: Scale mail        ||     3
Dodge: Dodged            ||     1
Block: Shield            ||     8

Vault maps used:
D:1:      lightli_arrival_flooded_house, st_stairs_11

Table legend:
 A = Turns spent in this place as a percentage of turns spent in the entire game.
 B = Non-inter-level travel turns spent in this place as a percentage of non-inter-level travel turns spent in the entire game.
 C = Inter-level travel turns spent in this place as a percentage of turns spent in this place.
 D = Turns resting spent in this place as a percentage of non-inter-level travel turns spent in this place.
 E = Turns spent auto-exploring this place as a percentage of non-inter-level travel turns spent in this place.
 F = Non-inter-level travel turns spent in this place divided by the number of levels of this place that you've seen.
                   A       B       C       D       E      F
               +-------+-------+-------+-------+-------+----------------------
         Total | 100.0 | 100.0 |   0.0 |   0.0 |   5.0 |  40.0
       Dungeon | 100.0 | 100.0 |   0.0 |   0.0 |   5.0 |  40.0
               +-------+-------+-------+-------+-------+----------------------

Table legend:
 A = Kills in this place as a percentage of kills in entire the game.
 B = Kills by you in this place as a percentage of kills by you in the entire game.
 C = Kills by friends in this place as a percentage of kills by friends in the entire game.
 D = Other kills in this place as a percentage of other kills in the entire game.
 E = Experience gained in this place as a percentage of experience gained in the entire game.
 F = Experience gained in this place divided by the number of levels of this place that you have seen.
                   A       B       C       D       E      F
               +-------+-------+-------+-------+-------+----------------------
         Total | 100.0 | 100.0 |  -nan |  -nan | 100.0 |   6.0
       Dungeon | 100.0 | 100.0 |  -nan |  -nan | 100.0 |   6.0
               +-------+-------+-------+-------+-------+----------------------
